Map: Oxide LE

Players

Skipper

  • Race: Terran Terran
  • League: Platinum
  • Spawn Location: 7:00

A.I. 1 (Very Easy) - Winner!

  • Race: Protoss Protoss
  • Spawn Location: 1:00

VOD

Have the link to the VOD?

Description

Time

  • Played on: Dec. 28, 2020, 2:12 p.m.
  • Length: 8:17
Show
View Real Time Build Order
Export as new Build Order

Skipper Terran 

Build Orders: Reaper Expand 

Get SALT Encoding   

  12  0:00  SCV  
  13  0:12  SCV  
  14  0:17  Supply Depot  
  14  0:24  SCV  
  15  0:38  SCV  
  15  0:39  Barracks  
  16  0:44  Refinery  
  16  0:50  SCV  
  17  1:03  SCV  
  18  1:15  SCV  
  19  1:27  Orbital Command  
  19  1:28  Reaper  
  20  1:46  Command Center  
  20  1:53  SCV  
  21  1:58  Supply Depot  
  21  2:01  Marine  
  21  2:07  SCV  
  23  2:15  Factory  
  23  2:19  SCV  
  24  2:25  Refinery  
  24  2:29  Barracks Reactor  
  24  2:32  SCV  
  25  2:44  SCV  
  26  2:57  Orbital Command  
  26  2:59  Hellion  
  26  3:01  Starport  
  26  3:04  Marine x2  
  30  3:06  SCV  
  31  3:18  SCV  
  32  3:22  Marine x2  
  32  3:23  Factory Tech Lab  
  32  3:24  SCV  
  35  3:30  SCV  
  36  3:36  SCV  
  36  3:40  Marine x2  
  39  3:42  SCV  
  39  3:48  Supply Depot, SCV  
  41  3:49  Raven, Factory Tech Lab  
  41  3:54  SCV  
  44  3:58  Marine x2  
  46  4:08  Barracks  
  47  4:10  SCV  
  47  4:11  Supply Depot  
  47  4:12  Barracks, Siege Tank  
  47  4:13  SCV  
  51  4:17  Marine  
  51  4:18  Marine  
  51  4:22  SCV  
  51  4:23  Engineering Bay  
  54  4:24  Refinery  
  54  4:33  SCV  
  54  4:34  Supply Depot, SCV  
  54  4:35  Marine  
  54  4:37  Marine  
  58  4:45  SCV  
  59  4:46  Siege Tank  
  62  4:54  Terran Infantry Weapons Level 1  
  62  4:55  Marine x2, SCV  
  62  4:58  Supply Depot  
  65  5:04  SCV  
  66  5:07  Barracks Tech Lab, Stimpack  
  66  5:08  Marauder  
  66  5:13  Marine x2  
  70  5:15  Starport Reactor  
  70  5:19  Refinery  
  70  5:20  Supply Depot, SCV x2  
  72  5:30  Marauder  
  72  5:31  Marine, Combat Shield  
  72  5:32  Marauder  
  77  5:36  SCV  
  77  5:42  Supply Depot, SCV  
  79  5:44  Marine  
  79  5:49  SCV  
  81  5:51  Marauder  
  81  5:53  Medivac  
  81  5:54  Marauder  
  81  5:55  SCV  
  81  5:56  Marine  
  89  6:00  Medivac  
  89  6:01  Marine  
  89  6:02  SCV  
  93  6:12  Marine  
  93  6:14  Marine, SCV  
  93  6:16  Marauder  
  93  6:18  SCV  
  99  6:21  Supply Depot  
  99  6:25  Supply Depot  
  98  6:26  Marine  
  98  6:28  Siege Tank  
  102  6:43  Marine x2, SCV x2, Marauder  
  108  6:47  Command Center  
  108  6:52  Supply Depot  
  108  6:55  SCV x2  
  108  6:56  Marine  
  108  6:57  Supply Depot  
  113  7:01  Marauder  
  113  7:04  Marine  
  113  7:05  Barracks, Marine  
  113  7:07  Barracks, SCV x2  
  117  7:19  Marine  
  117  7:20  Siege Tank  
  117  7:22  Marine x2  
  122  7:23  Marauder  
  122  7:25  Medivac x2  
  122  7:28  SCV  
  122  7:29  SCV  
  131  7:40  Marine x2, SCV  
  134  7:58  Marine  
  134  7:59  SCV x2  
  134  8:00  SCV  
  148  8:13  Barracks Reactor  
  148  8:14  Barracks Reactor  
Show
View Real Time Build Order
Export as new Build Order

A.I. 1 (Very Easy) Protoss - Winner!

Build Orders:  

Get SALT Encoding   

  12  0:00  Probe  
  13  0:13  Probe  
  14  0:19  Pylon  
  14  0:36  Assimilator  
  14  0:44  Gateway  
  14  0:47  Pylon  
  14  1:14  Assimilator  
  14  1:17  Probe  
  14  1:25  Probe  
  16  1:33  Probe, Cybernetics Core  
  17  1:43  Probe  
  18  1:55  Probe  
  19  2:03  Probe  
  20  2:09  Warp Gate  
  20  2:10  Stalker  
  22  2:26  Pylon  
  22  2:40  Stalker  
  24  3:02  Zealot  
  26  5:38  Probe  
  26  5:42  Zealot  
  29  5:44  Robotics Facility  
  29  5:46  Probe  
  29  5:54  Pylon, Probe  
  30  6:02  Probe  
  32  6:11  Probe  
  33  6:20  Probe  
  28  6:33  Observer  
  28  6:38  Stalker  
  31  6:54  Observer  
  32  7:03  Nexus  
  32  7:34  Zealot  
  33  7:38  Pylon  
  24  8:02  Pylon  
Tags
 
League
Platinum
Matchup
PvT
Spawn Locations
Cross Positions
Add a new tag
Caveats
  • Supply blocks, unpowered buildings, or Contaminate may cause inaccurate times.
  • Supply counts are checked every 10 seconds.